 Dungeon Crawl Stone Soup version 0.26.1-11-gd32895ea62 (webtiles) character file.

Game seed: 9886593161593506107

45 buriedalive the Chiller (level 3, 0/19 HPs)
             Began as a Deep Elf Ice Elementalist on May 26, 2021.
             Killed from afar by a white imp (4 damage)
             ... with a puff of frost
             ... on level 2 of the Dungeon.
             The game lasted 00:02:00 (1512 turns).

buriedalive the Chiller (Deep Elf Ice Elementalist) Turns: 1512, Time: 00:02:01

Health: 0/19       AC:  3    Str:  5    XL:     3   Next: 42%
Magic:  7/9        EV: 14    Int: 20    God:
Gold:   112        SH:  0    Dex: 15    Spells: 7/8 levels left

rFire    . . .     SeeInvis .   (no weapon)
rCold    . . .     Faith    .   (no shield)
rNeg     . . .     Spirit   .   a - +0 robe
rPois    .         Reflect  .   (no helmet)
rElec    .         Harm     .   (no cloak)
rCorr    .         Rampage  .   i - +0 pair of gloves
Will     .....                  (no boots)
Stlth    ++........             (no amulet)
HPRegen  0.06/turn              (no ring)
MPRegen  0.11/turn              (no ring)

@: no status effects
A: no striking features
a: no special abilities


You were on level 2 of the Dungeon.
You visited 1 branch of the dungeon, and saw 2 of its levels.

You collected 112 gold pieces.

Inventory:

Missiles
 c - 28 stones
Armour
 a - a +0 robe (worn)
 i - a +0 pair of gloves (worn)
Scrolls
 e - a scroll of magic mapping {unknown}
 f - a scroll of enchant weapon {unknown}
 g - 2 scrolls of identify {unknown}
 h - a scroll of enchant armour {unknown}
Potions
 b - a potion of magic {unknown}
 d - 2 potions of curing {unknown}
 j - a potion of cancellation {unknown}


   Skills:
 + Level 3.7 Dodging
 - Level 2.4 Stealth
 - Level 3.0 Spellcasting
 + Level 5.1 Ice Magic


You had 7 spell levels left.
You knew the following spells:

 Your Spells              Type           Power        Failure   Level
a - Freeze                Ice            92%          1%          1

Your spell library contained the following spells:

 Spells                   Type           Power        Failure   Level
 Frozen Ramparts          Ice            46%          5%          3
 Ozocubu's Armour         Ice            23%          5%          3
 Hailstorm                Conj/Ice       13%          45%         4
 Summon Ice Beast         Ice/Summ       13%          45%         4


Dungeon Overview and Level Annotations

Branches:
Dungeon (2/15)

Altars:


Message History

The white imp gestures at you. The puff of frost hits you!
You barely miss the white imp. The white imp closely misses you.
You closely miss the white imp.
The white imp laughs crazily.
The white imp hits you but does no damage.
You barely miss the white imp. The white imp hits you.
The white imp freezes you.
* * * LOW HITPOINT WARNING * * *
Casting: Freeze (safe; 1% risk of failure)
Confirm with . or Enter, or press ? or * to list all spells.
Aiming: Freeze (safe; 1% risk of failure)
Press: ? - help, Shift-Dir - straight line, f - frilled lizard, p - white imp
Aim: a frilled lizard You freeze the frilled lizard!
You kill the frilled lizard!
The white imp shouts, "Leave, thou underdone doghearted scavenger!"
The white imp gestures at you. The puff of frost hits you.
You die...

#####.############
....>............#
......##########.#
.######### #.#
.......... #.#
.######### #.#
......#..# #.#
..###.#..# #.#
..###.#..# #@#
....#.#..#.#####†#
#.#.#.#..#......5#
#..<.<...#..........#
#######.##.#######.##
.........# .#
########## #


You could see a white imp.

Vanquished Creatures
  An ooze (D:1)
  3 dart slugs (D:1)
  A leopard gecko (D:1)
  6 bats
  A giant cockroach (D:1)
  A goblin (D:1)
  2 hobgoblins (D:1)
  7 jackals (D:1)
  3 kobolds (D:1)
  4 frilled lizards
  2 rats (D:1)
31 creatures vanquished.

Notes
Turn   | Place    | Note
-------+----------+-------------------------------------------
     0 | D:1      | buriedalive the Deep Elf Ice Elementalist began the quest
                  | for the Orb.
     0 | D:1      | Reached XP level 1. HP: 10/10 MP: 6/6
   123 | D:1      | Reached XP level 2. HP: 7/15 MP: 2/8
   808 | D:1      | Reached skill level 5 in Ice Magic
   808 | D:1      | Reached XP level 3. HP: 18/19 MP: 6/9
  1512 | D:2      | Killed from afar by a white imp

Illustrated notes

Levels and vault maps discovered:
D:1:      lightli_arrival_isolated_outpost, layout_rooms
D:2:      layout_basic, dancing_weapons_uskayaw

Skill      XL: |  1  2 |
---------------+-------+-----
Dodging        | 3 |  3.7
Ice Magic      | 5 |  5.1
Stealth        | |  2.4
Spellcasting   | |  3.0

Action                   || total
-------------------------++-------
Melee: Unarmed           ||    40
 Cast: Freeze            ||    45
 Stab: Sleeping          ||     4
Armor: Robe              ||    18
Dodge: Dodged            ||    67
